 Dungeon Crawl Stone Soup version 0.26.1-11-gd32895ea62 (webtiles) character file.

Game seed: 11533823352723163960

279 SunEater the Shield-Bearer (level 6, -5/52 (53) HPs)
             Began as a Minotaur Fighter on July 20, 2021.
             Splashed by Ijyb's acid (9 damage)
             ... on level 3 of the Dungeon.
             The game lasted 00:07:40 (1746 turns).

SunEater the Shield-Bearer (Minotaur Fighter)       Turns: 1746, Time: 00:07:40

HP:   -5/52 (53)    AC:  3    Str: 23    XL:     6   Next: 5%
MP:   5/5           EV:  8    Int:  5    God:
Gold: 59            SH: 10    Dex:  9    Spells: 5/5 levels left

rFire    . . .     SeeInvis .   a - +0 war axe
rCold    . . .     Faith    .   c - +0 kite shield
rNeg     . . .     Spirit   .   b - +0 scale mail
rPois    .         Reflect  .   (helmet restricted)
rElec    .         Harm     .   (no cloak)
rCorr    .         Rampage  .   (no gloves)
Will     .....                  (no boots)
Stlth    ..........             (no amulet)
HPRegen  0.17/turn              (no ring)
MPRegen  0.09/turn              (no ring)

@: corroded, lightly drained
A: retaliatory headbutt, horns 2
a: no special abilities


You were on level 3 of the Dungeon.
You visited 1 branch of the dungeon, and saw 3 of its levels.

You collected 59 gold pieces.

Inventory:

Hand Weapons
 a - a +0 war axe (weapon)
Armour
 b - a +0 scale mail (worn)
 c - a +0 kite shield (worn)
Jewellery
 o - a cursed ring of teleportation {unknown}
 p - a cursed ring of teleportation {unknown}
Scrolls
 f - 4 scrolls of remove curse {unknown}
 g - 3 scrolls of identify {unknown}
 h - a scroll of fear {unknown}
 i - 2 scrolls of enchant weapon {unknown}
 n - 3 scrolls of immolation {unknown}
 r - a scroll of noise {unknown}
Potions
 d - 3 potions of might
 e - 3 potions of resistance {unknown}
 j - a potion of attraction {unknown}
 k - a potion of haste {unknown}
 l - 2 potions of heal wounds {unknown}
 m - a potion of lignification {unknown}
 q - a potion of flight {unknown}


   Skills:
 * Level 4.6 Fighting
 + Level 4.9 Axes
 + Level 4.6 Armour
 - Level 1.3 Dodging
 + Level 0.3 Stealth
 + Level 5.1 Shields


You had 5 spell levels left.
You didn't know any spells.
Your spell library was empty.

Dungeon Overview and Level Annotations

Branches:
Dungeon (3/15)

Altars:
Kikubaaqudgha

Annotations:
D:3 Ijyb


Innate Abilities, Weirdness & Mutations

You reflexively headbutt those who attack you in melee.
You have a pair of horns on your head.


Message History

You closely miss the kobold. Your headbutt misses the kobold.
The kobold hits you but does no damage.
You feel drained.
You hit the kobold.
You kill the kobold!
You closely miss Ijyb. Ijyb screams, "I no like you!"
Ijyb hits you but does no damage. Ijyb hits you.
You barely miss Ijyb. Ijyb barely misses you.
You closely miss Ijyb. You block Ijyb's attack. Ijyb barely misses you.
You miss Ijyb. Ijyb hits you.
You hit Ijyb but do no damage. You headbutt Ijyb, but do no damage.
Ijyb zaps a wand.
The bolt of acid hits you!!
You are splashed with acid!
* * * LOW HITPOINT WARNING * * *
You miss Ijyb. Ijyb hits you but does no damage. Ijyb barely misses you.
You slash Ijyb!
Ijyb is heavily wounded.
Ijyb zaps a wand.
The bolt of acid hits you!
* * * LOW HITPOINT WARNING * * *
The acid corrodes you!
You are splashed with acid!
You die...

##. .....#####
#....g@.#
#############(#
#####.........#.#.#
............#...#.#
#.###.#####.#.#.#.#
..###.# #.#.#.#.#
..†...# #.#.#.#.#
.###### #>#.#.#.#
.##########.#.#.#.#


You could see Ijyb.

Vanquished Creatures
  Grinder (D:3)
  3 gnolls (D:2)
  An adder (D:2)
  A worm (D:3)
  A dart slug (D:1)
  3 leopard geckos (D:1)
  An orc (D:3)
  2 bats
  2 giant cockroaches
  2 hobgoblins
  4 jackals (D:1)
  2 quokkas (D:2)
  A ball python (D:1)
  4 frilled lizards
  9 goblins
  10 kobolds
  6 rats
53 creatures vanquished.

Notes
Turn   | Place    | Note
-------+----------+-------------------------------------------
     0 | D:1      | SunEater the Minotaur Fighter began the quest for the Orb.
     0 | D:1      | Reached XP level 1. HP: 19/19 MP: 0/0
   103 | D:1      | Reached XP level 2. HP: 27/27 MP: 1/1
   168 | D:1      | Reached skill level 4 in Shields
   340 | D:1      | Reached XP level 3. HP: 33/33 MP: 2/2
  1139 | D:2      | Reached XP level 4. HP: 40/40 MP: 3/3
  1273 | D:2      | Found an ancient bone altar of Kikubaaqudgha.
  1351 | D:3      | Noticed Grinder
  1355 | D:3      | Paralysed by Grinder for 2 turns
  1365 | D:3      | Reached skill level 1 in Dodging
  1366 | D:3      | Paralysed by Grinder for 3 turns
  1373 | D:3      | Paralysed by Grinder for 2 turns
  1379 | D:3      | Killed Grinder
  1380 | D:3      | Reached skill level 5 in Shields
  1380 | D:3      | Reached XP level 5. HP: 14/47 MP: 4/4
  1380 | D:3      | Reached XP level 6. HP: 16/53 MP: 5/5
  1736 | D:3      | Noticed Ijyb
  1746 | D:3      | Splashed by Ijyb's acid

Illustrated notes

Levels and vault maps discovered:
D:1:      zaba_arrival_water, layout_basic, st_stairs_13
D:2:      layout_rooms, lemuel_doored_altar
D:3:      layout_basic, overflow_temple_1_default,
          chequers_ecumenical_altar_twisty, uniq_purgy, uniq_grinder, uniq_ijyb,
          uniq_sigmund

Skill      XL: |  1  2  3  4 |
---------------+-------------+-----
Armour         | 4 |  4.6
Shields        | 4 5 |  5.1
Fighting       | 4 |  4.6
Axes           | 3 4 |  4.9
Dodging        | 1 |  1.3
Stealth        | |  0.3

Action                   |  1- 3 |  4- 6 || total
-------------------------+-------+-------++-------
Melee: War axe           |    56 |    37 ||    93
       Headbutt          |     6 |     4 ||    10
Armor: Scale mail        |    21 |    13 ||    34
Dodge: Dodged            |    16 |     6 ||    22
Block: Kite shield       |    29 |    18 ||    47
